 Dungeon Crawl Stone Soup version 0.30-a0-395-gfe72c296f8 (webtiles) character file.

Game seed: 17886227574043561515

93 Ijustatesigmund the Trooper (level 4, -2/37 HPs)
             Began as a Djinni Cinder Acolyte on Dec 7, 2022.
             Was a High Priest of Ignis.
             Slain by a gnoll
             ... wielding a +0 spear
              (4 damage)
             ... on level 3 of the Dungeon.
             The game lasted 00:04:40 (2270 turns).

Ijustatesigmund the Trooper (Djinni Cinder Acolyte) Turns: 2270, Time: 00:04:40

Health: -2/37      AC:  2    Str: 13    XL:     4   Next: 92%
Gold:   97         EV: 11    Int: 17    God:    Ignis [*****.] SH:  0 Dex:  9

rFire   + + +      SeeInvis .    a - -1 falchion (flame)
rCold   x . .      Faith    .    (no shield)
rNeg    . . .      Spirit   .    b - +0 robe
rPois   ∞          Reflect  .    (no helmet)
rElec   .          Harm     .    (no cloak)
rCorr   .          Rampage  .    (no gloves)
Will    +....                    (boots unavailable)
Stlth   +.........               (no amulet)
HPRegen 0.26/turn                i - ring of willpower
MPRegen 0.00/turn                (no ring)

@: flying
A: sickness immunity, fire resistance 2, cold vulnerability 1, float, innate
caster, HP casting, extra vitality 1
a: Renounce Religion, Fiery Armour, Foxfire Swarm, Rising Flame


You were on level 3 of the Dungeon.
You worshipped Ignis.
Ignis was extremely pleased with you.
You visited 1 branch of the dungeon, and saw 3 of its levels.

You collected 97 gold pieces.

Inventory:

Hand Weapons
 a - a -1 falchion of flaming (weapon)
Armour
 b - a +0 robe (worn)
 c - the +5 ring mail of Repulsion {*Slow rElec Dex+7}
   (You found it on level 2 of the Dungeon)

   Dex:       It affects your dexterity (+7).
   rElec:     It insulates you from electricity.
   *Slow:     It may slow you when you take damage.
Jewellery
 i - a ring of willpower (left hand)
Scrolls
 d - a scroll of fear {unknown}
 h - 2 scrolls of poison
 j - a scroll of silence {unknown}
 k - a scroll of amnesia {unknown}
 l - 2 scrolls of fog {unknown}
 m - 2 scrolls of identify {unknown}
 n - a scroll of enchant armour {unknown}
 o - a scroll of teleportation {unknown}
Potions
 e - 3 potions of might {unknown}
 f - a potion of resistance {unknown}
 g - a potion of curing {unknown}


   Skills:
 + Level 3.8 Fighting
 + Level 3.5 Long Blades
 + Level 3.0 Spellcasting


You had 6 spell levels left.
You knew the following spells:

 Your Spells              Type           Power      Damage    Failure   Level
a - Scorch                Fire           26%        2d6       8%          2
b - Slow                  Hex            52%        N/A       4%          1
Your spell library was empty.

Dungeon Overview and Level Annotations

Branches:
Dungeon (3/15)

Altars:


Innate Abilities, Weirdness & Mutations

You are immune to sickness and miasma.
You are immune to poison.
Your flesh is very heat resistant. (rF++)
You are vulnerable to cold. (rC-)
You float through the air rather than walking.
You learn spells naturally, not from books.
Your magical power is your life essence.
You have superior vitality. (+4 MHP)


Message History

No target in view!
No target in view! 2 gnolls come into view.
The gnoll shouts! x2
The adder closely misses you.
You hit the adder. You burn the adder.
The adder is almost dead.
A gnoll comes into view. It is wielding a +0 spear.
The adder barely misses you.
You barely miss the adder.
The adder is almost dead.
The adder bites you.
You closely miss the adder.
The adder is almost dead.
The adder bites you but does no damage.
You barely miss the adder.
The adder is almost dead.
The adder barely misses you.
The gnoll hits you from afar with a +0 spear!
The gnoll barely misses you.
You barely miss the adder.
The adder is almost dead.
The adder bites you.
The gnoll hits you from afar with a +0 spear.
The gnoll closely misses you.
You miss the adder.
The adder is severely wounded.
The adder barely misses you.
The gnoll hits you from afar with a +0 spear!
The gnoll closely misses you.
Unknown command.
The air fills with toxic fumes!
As you read the scroll of poison, it crumbles to dust.
The gnoll hits you from afar with a +0 spear.
* * * LOW HITPOINT WARNING * * *
The adder misses you. The gnoll barely misses you.
The gnoll hits you from afar with a +0 spear.
* * * LOW HITPOINT WARNING * * *
The gnoll hits you from afar with a +0 spear.
You die...

§§§###.§§§§§§§
§§§§§.§§§§§§§ #..
§§§§#§§§§§§§ .... #...
§§§§§§§§§§§ ..... .....
#§§§§§§§§§§ ...... .....
#§§§gg§§§§§ ......
..§§§##§§§Sg§§§§§####....
..§§§§§§@.§§§§§§§........
..§§§§§§###§§§§§§........
.##§§§§.# #.§§§§§........
#§§§..###..§§§§........
#§§.........§§§........
..§§...........§§..#.....
..§.............§..#.....
...................#.....
...................######


You could see 3 gnolls and an adder (slow).

Vanquished Creatures
  3 adders (D:2)
  A worm (D:2)
  2 dart slugs
  2 orcs (D:3)
  4 endoplasms
  2 giant cockroaches
  3 hobgoblins
  4 jackals (D:2)
  4 quokkas
  9 ball pythons
  6 bats
  3 frilled lizards (D:1)
  5 goblins (D:2)
  3 kobolds
  11 rats
62 creatures vanquished.

Notes
Turn   | Place    | Note
-------+----------+-------------------------------------------
     0 | D:1      | Ijustatesigmund the Djinni Cinder Acolyte began the quest
                  | for the Orb.
     0 | D:1      | Ijustatesigmund set off with the following spells
                  | memorised: Scorch.
     0 | D:1      | Reached XP level 1. HP: 20/20 MP: 0/0
   275 | D:1      | Reached XP level 2. HP: 23/25 MP: 0/0
   467 | D:1      | Reached XP level 3. HP: 19/30 MP: 0/0
   467 | D:1      | Learned a level 1 spell: Slow
  1053 | D:2      | Reached XP level 4. HP: 30/35 MP: 0/0
  1891 | D:2      | Identified the +5 ring mail of Repulsion {*Slow rElec
                  | Dex+7}
  2270 | D:3      | Slain by a gnoll

Illustrated notes

Levels and vault maps discovered:
D:1:      sevenhm_arrival_forest_fort_small_5, layout_loops_ring
D:2:      layout_loops_corners, serial_aquarium, aquarium_bridge_straight
          [aquarium_subvault_bridge, aquarium_subvault_window,
          aquarium_subvault_bridge, aquarium_subvault_balcony],
          aquarium_bridge_long_joined [aquarium_subvault_window,
          aquarium_subvault_window, aquarium_subvault_wall,
          aquarium_subvault_bridge, aquarium_subvault_bridge,
          aquarium_subvault_bridge], aquarium_window_corridor_1,
          aquarium_window_2, aquarium_window_1, aquarium_view_2b,
          aquarium_view_2a, aquarium_balcony_1b, aquarium_pool_1,
          grunt_ministairs_13, minmay_vboxes
D:3:      layout_basic

Skill      XL: |  1  2  3  4 |
---------------+-------------+-----
Long Blades    | 3 |  3.5
Spellcasting   | 3 |  3.0
Fighting       | |  3.8

Action                   |  1- 3 |  4- 6 || total
-------------------------+-------+-------++-------
Melee: Falchion          |    65 |    29 ||    94
       Punch             |     1 |       ||     1
 Cast: Scorch            |    13 |    22 ||    35
       Slow              |       |     5 ||     5
Invok: Fiery Armour      |       |     1 ||     1
  Use: Scroll            |       |     4 ||     4
Armor: Robe              |    11 |    12 ||    23
Dodge: Dodged            |    36 |    34 ||    70

Table legend: (Time is in decaauts)
 A = Elapsed time spent in this place.
 B = Non-inter-level travel time spent in this place.
 C = Inter-level travel time spent in this place.
 D = Time resting spent in this place.
 E = Time spent auto-exploring this place.
 F = Levels seen in this place.
 G = Mean time per level.
                   A        B        C        D        E       F      G
               +--------+--------+--------+--------+--------+-----+--------+
         Total |   2282 |   2207 |     75 |     75 |   1750 |   3 |  760.7 |
       Dungeon |   2282 |   2207 |     75 |     75 |   1750 |   3 |  760.7 |
               +--------+--------+--------+--------+--------+-----+--------+

Top non-repeatable levels by time:
     D:2: 1228 daAuts
     D:1: 892 daAuts
     D:3: 161 daAuts
